 Dungeon Crawl Stone Soup version 0.30-a0-394-g3e4acdb0ae (webtiles) character file.

Game seed: 17955000977517281948

294 Alacron the Chopper (level 6, -2/52 HPs)
             Began as a Minotaur Berserker on Dec 6, 2022.
             Was a Believer of Trog.
             Succumbed to an orc's poison
             ... on level 4 of the Dungeon.
             The game lasted 00:15:11 (2314 turns).

Alacron the Chopper (Minotaur Berserker)            Turns: 2314, Time: 00:15:11

Health: -2/52      AC: 12    Str: 24    XL:     6   Next: 11%
Magic:  5/5        EV:  6    Int:  4    God:    Trog [**....]
Gold:   130        SH:  0    Dex:  9    Spells: 5/5 levels left

rFire   . . .      SeeInvis .    a - +0 hand axe
rCold   . . .      Faith    .    k - +0 buckler
rNeg    . . .      Spirit   .    n - +0 plate armour
rPois   .          Reflect  .    (helmet restricted)
rElec   .          Harm     .    (no cloak)
rCorr   .          Rampage  .    j - +0 pair of gloves
Will    .....                    (no boots)
Stlth   ..........               (no amulet)
HPRegen 0.28/turn                (no ring)
MPRegen 0.09/turn                (no ring)

@: confused, mighty, lethally poisoned (-2 -> -13), attractive
A: horns 2, retaliatory headbutt
a: Renounce Religion, Berserk, Trog's Hand


You were on level 4 of the Dungeon.
You worshipped Trog.
Trog was pleased with you.
You visited 1 branch of the dungeon, and saw 4 of its levels.

You collected 130 gold pieces.

Inventory:

Hand Weapons
 a - a +0 hand axe (weapon)
Armour
 b - a +0 animal skin
 j - a +0 pair of gloves (worn)
 k - a +0 buckler (worn)
 n - a +0 plate armour (worn)
Jewellery
 o - a ring of protection from cold
 q - a ring of poison resistance
Scrolls
 c - 6 scrolls of identify {unknown}
 d - 2 scrolls of fog {unknown}
 e - 2 scrolls of blinking {unknown}
 f - a scroll of magic mapping {unknown}
 l - 3 scrolls of immolation {unknown}
 m - a scroll of teleportation {unknown}
 p - a scroll of amnesia {unknown}
Potions
 g - a potion of magic
 h - a potion of might


   Skills:
 - Level 3.9 Fighting
 + Level 7.7 Axes
 - Level 2.6 Armour
 - Level 2.3 Dodging
 - Level 1.3 Stealth


You had 5 spell levels left.
You didn't know any spells.
Your spell library was empty.

Dungeon Overview and Level Annotations

Branches:
Dungeon (4/15)
 Temple: D:4-7

Altars:
Trog


Innate Abilities, Weirdness & Mutations

You have a pair of horns on your head.
You reflexively headbutt those who attack you in melee.


Message History

You hear some strange, mumbled words.
A puff of flame appears from out of thin air!
The puff of flame hits you.
You closely miss the scorpion.
The scorpion is lightly wounded.
You hit the orc.
You kill the orc!
Trog accepts your kill.
You closely miss the orc wizard.
You feel sick.
The orc throws a poisoned dart.
The poisoned dart hits you.
You are more poisoned.
You hear some strange, mumbled words.
You are more confused.
The orc wizard barely misses you. The scorpion barely misses you.
You feel sick. The scorpion barely misses you.
The orc wizard casts a spell at you. The magic dart hits you.
You feel sick.
The orc throws a poisoned dart.
The poisoned dart hits you!
You are more poisoned.
The scorpion stings you but does no damage.
You feel very sick.
The orc throws a poisoned dart.
The poisoned dart hits you!
You are lethally poisoned!
Something hits you but does no damage. The orc wizard casts a spell at you.
The magic dart hits you.
* * * LOW HITPOINT WARNING * * *
It was a potion of magic.
Magic courses through your body.
* * * LOW HITPOINT WARNING * * *
You feel very sick. The scorpion barely misses you.
It was a potion of might.
You feel very mighty all of a sudden.
* * * LOW HITPOINT WARNING * * *
You feel very sick. Something hits you but does no damage.
The orc wizard closely misses you.
The scorpion stings you but does no damage.
It was a potion of attraction.
You feel attractive to monsters.
You die...

. #. .$....... ..#..
##......
.....##.....#
##....#.....# .###
#...........####
.#.#
#...~....)).<..# ...
..~⌠...!.......##.#
..~~~..##oso.†.)..#
..........@......##
#........#.......#
#........#.......###
........##.........#
#.......
##..........#
...#####
#.........##
#.##.......#
####.....### ..###.#


You could see a scorpion, an orc wizard and an orc.

Vanquished Creatures
  A kobold brigand (D:3)
  A necrophage (D:4)
  2 orc priests
  An orc wizard (D:3)
  2 adders
  2 worms (D:2)
  A dart slug (D:2)
  2 orcs
  4 bats
  3 endoplasms
  4 giant cockroaches
  3 hobgoblins
  3 jackals (D:1)
  9 kobolds
  2 quokkas
  3 ball pythons
  5 frilled lizards
  2 goblins
  3 rats
53 creatures vanquished.

Vanquished Creatures (others)
  11 fungi (D:4)
11 creatures vanquished.

Grand Total: 64 creatures vanquished

Notes
Turn   | Place    | Note
-------+----------+-------------------------------------------
     0 | D:1      | Alacron the Minotaur Berserker began the quest for the Orb.
     0 | D:1      | Reached XP level 1. HP: 19/19 MP: 0/0
   159 | D:1      | Reached skill level 4 in Axes
   159 | D:1      | Reached XP level 2. HP: 27/27 MP: 1/1
   648 | D:2      | Reached XP level 3. HP: 33/33 MP: 2/2
   671 | D:2      | Reached ** piety under Trog
  1445 | D:3      | Reached skill level 5 in Axes
  1493 | D:3      | Reached XP level 4. HP: 9/40 MP: 3/3
  1522 | D:3      | HP: 2/40 [something (3)]
  1532 | D:3      | Reached skill level 1 in Stealth
  1714 | D:3      | Found a bloodstained altar of Trog.
  1882 | D:3      | Reached skill level 6 in Axes
  1909 | D:3      | Noticed a kobold brigand
  1930 | D:3      | Killed a kobold brigand
  1931 | D:3      | Reached XP level 5. HP: 16/46 MP: 4/4
  2255 | D:4      | Reached skill level 7 in Axes
  2301 | D:4      | Reached XP level 6. HP: 43/52 MP: 5/5
  2313 | D:4      | HP: 1/52 [poisoned by an orc]
  2314 | D:4      | Succumbed to an orc's poison

Illustrated notes

Levels and vault maps discovered:
D:1:      dpeg_arrival_rhombus, layout_rooms, minivault_26,
          serial_park_tiny_pond, serial_park_tiny_2
D:2:      layout_basic
D:3:      cheibrodos_thug_alley, layout_basic, nicolae_overflow_crystal_walls
D:4:      old_forge, layout_cave_pools, elyvilon_altar_3, serial_shops,
          nicolae_shop_waterfront, corexii_leaking_fountain, minmay_puff

Skill      XL: |  1  2  3  4  5 |
---------------+----------------+-----
Axes           | 4 5 6 7 |  7.7
Stealth        | 1 |  1.3
Fighting       | |  3.9
Armour         | |  2.6
Dodging        | |  2.3

Action                   |  1- 3 |  4- 6 || total
-------------------------+-------+-------++-------
Melee: Hand axe          |    70 |   104 ||   174
       Headbutt          |    14 |    11 ||    25
       Punch             |     1 |       ||     1
  Use: Potion            |       |     5 ||     5
Armor: Animal skin       |    11 |       ||    11
       Plate armour      |     5 |    76 ||    81
Dodge: Dodged            |    42 |    33 ||    75
Block: Buckler           |     1 |    16 ||    17

Table legend: (Time is in decaauts)
 A = Elapsed time spent in this place.
 B = Non-inter-level travel time spent in this place.
 C = Inter-level travel time spent in this place.
 D = Time resting spent in this place.
 E = Time spent auto-exploring this place.
 F = Levels seen in this place.
 G = Mean time per level.
                   A        B        C        D        E       F      G
               +--------+--------+--------+--------+--------+-----+--------+
         Total |   2341 |   2185 |    156 |      0 |   1628 |   4 |  585.2 |
       Dungeon |   2341 |   2185 |    156 |      0 |   1628 |   4 |  585.2 |
               +--------+--------+--------+--------+--------+-----+--------+

Top non-repeatable levels by time:
     D:3: 1124 daAuts
     D:2: 754 daAuts
     D:1: 393 daAuts
     D:4: 69 daAuts
